[Event "Titled Tuesday Blitz February 14 Early 2023"]
[White "Kiseleva, Arina"]
[Black "Carrasco Miranda, Andres"]
[WhiteFideId "4164989"]
[BlackFideId "3405990"]
[WhiteElo "1962"]
[BlackElo "2240"]
[Result "1/2-1/2"]
[Round "10"]
[TimeControl "180+2"]
[Date "2023.02.14"]
[WhiteClock "0:00:03"]
[BlackClock "0:00:02"]

1. d4 Nf6 2. Nf3 g6 3. c4 Bg7 4. Nc3 d5 5. cxd5 Nxd5 6. Bd2 O-O 7. e4 Nxc3 8. Bxc3 c5 9. d5 e6 10. Bxg7 Kxg7 11. Bc4 b5 12. Be2 exd5 13. exd5 c4 14. Qd4+ Qf6 15. O-O Rd8 16. Rfd1 Bb7 17. d6 Nc6 18. Qxf6+ Kxf6 19. a4 a6 20. h4 h6 21. axb5 axb5 22. Rxa8 Bxa8 23. b3 cxb3 24. Bxb5 Na7 25. Bc4 Bxf3 26. gxf3 b2 27. Rb1 Rxd6 28. Rxb2 Nc6 29. Rb6 Ke7 30. Rb7+ Kf6 31. Rxf7+ Ke5 32. f4+ Kd4 33. Be2 h5 34. f5 gxf5 35. Rxf5 Rg6+ 36. Rg5 Rf6 37. Bxh5 Ne5 38. Be2 Rf4 39. h5 Rh4 40. Kg2 Ke4 41. Kg3 Rh1 42. f3+ Kd4 43. f4 Nc6 44. Bf3 Rg1+ 45. Kf2 Rxg5 46. fxg5 Ne5 47. h6 Nf7 1/2-1/2


[Site "https://www.chess.com"]

[Event "Titled Tuesday Blitz February 14 Early 2023"]
[White "Llanos, Guillermo"]
[Black "Schut, Han"]
[WhiteFideId "100358"]
[BlackFideId "1005561"]
[WhiteElo "2290"]
[BlackElo "2101"]
[Result "1-0"]
[Round "10"]
[TimeControl "180+2"]
[Date "2023.02.14"]
[WhiteClock "0:01:02"]
[BlackClock "0:00:06"]

1. g3 Nf6 2. Bg2 d5 3. d3 c5 4. Nf3 Nc6 5. O-O e5 6. e4 d4 7. Na3 h6 8. Nc4 Qc7 9. a4 Be6 10. b3 Be7 11. Nh4 g5 12. Nf5 Bxf5 13. exf5 O-O-O 14. Re1 Bd6 15. a5 Rhe8 16. Bd2 a6 17. Nb6+ Kb8 18. Nd5 Nxd5 19. Bxd5 Ne7 20. Be4 f6 21. Qh5 Ng8 22. g4 Qg7 23. Ra4 Bc7 24. Rc4 Bd6 25. Rb1 Re7 26. Qh3 Qh8 27. Qf3 h5 28. h3 hxg4 29. hxg4 Rh7 30. Kf1 Rh3 31. Qg2 Rh2 32. Qg1 Rd7 33. b4 cxb4 34. Bxb4 Bc7 35. Bd2 Bd8 36. Rcb4 Rhh7 37. R4b3 Kc8 38. Qg2 Rh2 39. Bxb7+ Kb8 40. Qc6 Qh4 41. Qc8+ Ka7 42. Qa8# 1-0


[Site "https://www.chess.com"]

[Event "Titled Tuesday Blitz February 14 Early 2023"]
[White "Rosh Jain"]
[Black "Liu, Casper"]
[WhiteFideId "25789465"]
[BlackFideId "1454153"]
[WhiteElo "2248"]
[BlackElo "2278"]
[Result "1-0"]
[Round "10"]
[TimeControl "180+2"]
[Date "2023.02.14"]
[WhiteClock "0:02:07"]
[BlackClock "0:02:33"]

1. e4 c5 2. Nf3 d6 3. d4 cxd4 4. Nxd4 Nf6 5. Nc3 Nc6 6. Bc4 e6 7. Bb3 a6 8. O-O Be7 9. Bg5 O-O 10. Kh1 Qb6 11. Nxc6 Qxc6 12. f4 b5 13. e5 Bb7 14. Qe2 b4 15. exf6 gxf6 16. Bh6 bxc3 17. Qg4+ 1-0


[Site "https://www.chess.com"]

[Event "Titled Tuesday Blitz February 14 Early 2023"]
[White "Georg, Heinz"]
[Black "Osuna Vega, Enrique"]
[WhiteFideId "4607295"]
[BlackFideId "2219549"]
[WhiteElo "2107"]
[BlackElo "2061"]
[Result "1-0"]
[Round "10"]
[TimeControl "180+2"]
[Date "2023.02.14"]
[WhiteClock "0:01:00"]
[BlackClock "0:00:01"]

1. e4 d6 2. d4 Nf6 3. Nc3 e5 4. Nf3 Nbd7 5. Bc4 Be7 6. O-O O-O 7. a4 c6 8. h3 a5 9. Be3 Nb6 10. Bb3 Nfd7 11. dxe5 Nxe5 12. Nxe5 dxe5 13. Qxd8 Bxd8 14. Bc5 Re8 15. f4 Nd7 16. Bd6 Be7 17. Bxe5 Nxe5 18. fxe5 Bc5+ 19. Kh1 Be6 20. Bxe6 Rxe6 21. Rad1 Re7 22. e6 Rxe6 23. Rd7 Re7 24. Rfd1 Kf8 25. g3 Ke8 26. Rxe7+ Kxe7 27. Kg2 Rd8 28. Rxd8 Kxd8 29. Ne2 Ke7 30. Kf3 Bb4 31. c3 Bd6 32. Nd4 g6 33. Nb3 b6 34. Nd2 Ke6 35. Nc4 Bc7 36. g4 b5 37. axb5 cxb5 38. Ne3 Be5 39. Nd5 Kd6 40. Ke3 Kc5 41. Kd3 h6 42. b4+ axb4 43. cxb4+ Kc6 44. h4 h5 45. gxh5 gxh5 46. Ne7+ Kd7 47. Nf5 Ke6 48. Ne3 Bg3 49. Nf5 Be1 50. Nd4+ Kf6 51. Nxb5 Bxh4 52. Nd4 1-0


[Site "https://www.chess.com"]

[Event "Titled Tuesday Blitz February 14 Early 2023"]
[White "Jesusesmifuerza"]
[Black "Lauridsen, Jesper Morch"]
[BlackFideId "1401890"]
[WhiteElo "2006"]
[BlackElo "2309"]
[Result "0-1"]
[Round "10"]
[TimeControl "180+2"]
[Date "2023.02.14"]
[WhiteClock "0:00:32"]
[BlackClock "0:00:49"]

1. d4 d5 2. Nc3 e6 3. Bf4 Bb4 4. e3 Nf6 5. Bd3 c5 6. Bb5+ Bd7 7. Bxd7+ Nbxd7 8. Nf3 Ne4 9. O-O Nxc3 10. bxc3 Bxc3 11. Rb1 cxd4 12. Rxb7 dxe3 13. Bxe3 O-O 14. Rxa7 Rxa7 15. Bxa7 Qa5 16. Bd4 Bxd4 17. Qxd4 Qxa2 18. Rc1 Rc8 19. c3 Qb2 20. Qd2 Qxd2 21. Nxd2 Ne5 22. Kf1 Nd3 23. Rc2 Nb4 24. Rb2 Nd3 25. Rc2 g6 26. Ke2 Ne5 27. f4 Nc4 28. Nxc4 Rxc4 29. g3 d4 30. Kd3 Rxc3+ 31. Rxc3 dxc3 32. Kxc3 Kg7 33. Kd4 f6 34. Ke4 h5 35. h3 Kf7 36. g4 hxg4 37. hxg4 Ke7 38. Ke3 Kd6 39. Kd4 e5+ 40. fxe5+ fxe5+ 41. Ke4 Ke6 42. g5 Kd6 43. Ke3 Kd5 44. Kd3 e4+ 45. Ke3 Ke5 0-1


[Site "https://www.chess.com"]

[Event "Titled Tuesday Blitz February 14 Early 2023"]
[White "Alice, Mateus Felizardo Viageiro"]
[Black "Afanasieva, Alexandra"]
[WhiteFideId "14800047"]
[BlackFideId "34126926"]
[WhiteElo "2202"]
[BlackElo "1857"]
[Result "1-0"]
[Round "10"]
[TimeControl "180+2"]
[Date "2023.02.14"]
[WhiteClock "0:01:57"]
[BlackClock "0:00:14"]

1. e4 c5 2. Nf3 e6 3. g3 Nc6 4. Bg2 Nf6 5. d3 d5 6. exd5 exd5 7. O-O Be7 8. Nc3 O-O 9. Bg5 Bg4 10. h3 Bh5 11. Re1 Re8 12. Qd2 h6 13. Bxf6 Bxf6 14. Rxe8+ Qxe8 15. Nxd5 Qd8 16. c4 Bd4 17. Re1 Qd7 18. a3 Re8 19. Rxe8+ Qxe8 20. Kh2 Qe6 21. Nf4 Qf5 22. g4 Bxg4 23. hxg4 Qxg4 24. Nd5 Ne5 25. Nxe5 Bxe5+ 26. f4 Qh4+ 27. Bh3 Bd4 28. Qe2 Bf2 29. Qg4 Qd8 30. Qc8 1-0


[Site "https://www.chess.com"]

[Event "Titled Tuesday Blitz February 14 Early 2023"]
[White "Cramling Bellon, Anna"]
[Black "Hirneise, Jens"]
[WhiteFideId "32009232"]
[BlackFideId "24614734"]
[WhiteElo "2043"]
[BlackElo "2277"]
[Result "0-1"]
[Round "10"]
[TimeControl "180+2"]
[Date "2023.02.14"]
[WhiteClock "0:00:08"]
[BlackClock "0:00:35"]

1. d4 Nf6 2. c4 c6 3. Nc3 d5 4. Nf3 e6 5. e3 Nbd7 6. Bd3 dxc4 7. Bxc4 b5 8. Bd3 a6 9. e4 b4 10. Na4 c5 11. e5 Nd5 12. Ng5 Be7 13. Qh5 Bxg5 14. Bxg5 Qa5 15. Nxc5 Nxc5 16. dxc5 Qc7 17. Bh4 g6 18. Qg5 h6 19. Qg3 g5 20. Bxg5 hxg5 21. Qxg5 Qe7 22. Qg7 Qf8 23. Qg5 Rg8 24. Qd2 Qg7 25. O-O-O Qxe5 26. Rhe1 Qg5 27. Qxg5 Rxg5 28. h4 Rg8 29. Be4 Kf8 30. Bxd5 exd5 31. Rxd5 Be6 32. Rg5 Rxg5 33. hxg5 Bxa2 34. Re5 Rd8 35. g4 Bb3 36. Re1 Rd5 37. g6 Rxc5+ 38. Kb1 fxg6 39. Ka1 a5 40. f4 a4 41. f5 gxf5 42. gxf5 Kf7 43. Rb1 Rd5 44. f6 Rd1 45. Rxd1 Bxd1 46. b3 Bxb3 47. Kb2 Kxf6 48. Ka1 Ke5 49. Kb2 Kd4 50. Ka1 Kc3 51. Kb1 a3 52. Ka1 Bd5 53. Kb1 b3 54. Ka1 b2+ 55. Kb1 a2# 0-1


[Site "https://www.chess.com"]

[Event "Titled Tuesday Blitz February 14 Early 2023"]
[White "Thomas, Anysia"]
[Black "Sadovsky, Artem"]
[WhiteFideId "670472"]
[BlackFideId "4155840"]
[WhiteElo "2147"]
[BlackElo "2276"]
[Result "0-1"]
[Round "10"]
[TimeControl "180+2"]
[Date "2023.02.14"]
[WhiteClock "0:00:03"]
[BlackClock "0:00:18"]

1. d4 g6 2. c4 Bg7 3. Nc3 d6 4. e4 e5 5. dxe5 dxe5 6. Qc2 Nc6 7. Nf3 Nd4 8. Nxd4 exd4 9. Nd5 c6 10. Nb4 Nf6 11. Bg5 O-O 12. Be2 Re8 13. f3 Qa5 14. Bd2 Qe5 15. Nd3 Qc7 16. b4 a5 17. c5 axb4 18. Bxb4 Nd7 19. O-O Ne5 20. Bd2 Nxd3 21. Bxd3 Be6 22. a4 Bf8 23. a5 Qe5 24. Rac1 Qh5 25. f4 f5 26. exf5 Bxf5 27. Qc4+ Be6 28. Qxd4 Rad8 29. Qc3 Bg7 30. Qc2 Bd4+ 31. Kh1 Bd5 32. Bb4 Re3 33. Rce1 Rh3 34. Be4 Rxh2# 0-1


[Site "https://www.chess.com"]

[Event "Titled Tuesday Blitz February 14 Early 2023"]
[White "Jiganchine, Roman"]
[Black "Meera, Sai"]
[WhiteFideId "2603667"]
[BlackFideId "5004357"]
[WhiteElo "2205"]
[BlackElo "2064"]
[Result "0-1"]
[Round "10"]
[TimeControl "180+2"]
[Date "2023.02.14"]
[WhiteClock "0:00:02"]
[BlackClock "0:01:30"]

1. e4 e5 2. Nf3 Nc6 3. Nc3 Nf6 4. Bb5 Bb4 5. O-O Bxc3 6. bxc3 d6 7. d4 O-O 8. Re1 Qe7 9. h3 a6 10. Bd3 h6 11. a4 Nd7 12. Ba3 Kh8 13. g3 Qf6 14. Nh4 exd4 15. cxd4 Nxd4 16. Rb1 Ne5 17. f4 Ng6 18. Nxg6+ Qxg6 19. Kh2 f5 20. Bb2 c5 21. e5 d5 22. a5 Ne6 23. Bc3 Bd7 24. Rb6 Bc6 25. Be2 d4 26. Bb2 Qe8 27. Bf3 Qd7 28. Rf1 Rfc8 29. Bxc6 Rxc6 30. Qh5 Rxb6 31. axb6 Rf8 32. Rf2 d3 33. cxd3 Qxd3 34. Qg6 Nd4 35. e6 Rf6 36. e7 Rxg6 37. e8=Q+ Kh7 38. Bxd4 Qxg3+ 39. Kh1 Qxh3+ 0-1


[Site "https://www.chess.com"]

[Event "Titled Tuesday Blitz February 14 Early 2023"]
[White "Buscar, Michael"]
[Black "Ghosh, Chanchal Kumer"]
[WhiteFideId "2603616"]
[BlackFideId "10201858"]
[WhiteElo "2041"]
[BlackElo "2020"]
[Result "1-0"]
[Round "10"]
[TimeControl "180+2"]
[Date "2023.02.14"]
[WhiteClock "0:01:11"]
[BlackClock "0:00:02"]

1. Nf3 c6 2. b3 d5 3. Bb2 Nf6 4. e3 Nbd7 5. c4 e6 6. cxd5 exd5 7. Be2 Bd6 8. O-O O-O 9. d3 h6 10. Nbd2 Re8 11. Qc2 Qe7 12. Qc3 a5 13. a3 c5 14. Rfe1 b5 15. d4 c4 16. bxc4 bxc4 17. Ne5 Nxe5 18. dxe5 Bxe5 19. Qxe5 Qxe5 20. Bxe5 Rxe5 21. Nf3 Re8 22. Red1 Be6 23. Nd4 Rab8 24. Rab1 Ne4 25. Rdc1 a4 26. Bf3 Rxb1 27. Rxb1 Nd2 28. Rb4 Nxf3+ 29. gxf3 Ra8 30. Kf1 g5 31. Ke2 Kg7 32. Kd2 Kf6 33. Kc3 h5 34. Rb6 g4 35. f4 Ke7 36. f5 Bd7 37. f6+ Kd8 38. Rd6 Ke8 39. Rxd5 Rb8 40. Rxh5 Kd8 41. Rh8+ Kc7 42. Rxb8 Kxb8 43. Kxc4 Kc7 44. Kd5 Bc8 45. Nb5+ Kb6 46. Nd6 Be6+ 47. Kd4 Kc6 48. Ne4 Bb3 49. Nc5 Ba2 50. Nxa4 Kd6 51. Nc3 Bb3 52. a4 Ke6 53. a5 Kd6 54. a6 Kc6 55. Ne4 Kb6 56. Nc5 Bd1 57. e4 Bf3 58. e5 Kc6 59. e6 fxe6 60. Nxe6 Kd6 61. Nf4 1-0


[Site "https://www.chess.com"]

[Event "Titled Tuesday Blitz February 14 Early 2023"]
[White "Tsotsonava, Elene"]
[Black "Yonal, Timur"]
[WhiteFideId "13615939"]
[BlackFideId "44115725"]
[WhiteElo "2053"]
[BlackElo "2039"]
[Result "1-0"]
[Round "10"]
[TimeControl "180+2"]
[Date "2023.02.14"]
[WhiteClock "0:00:30"]
[BlackClock "0:01:33"]

1. e4 c5 2. Nf3 d6 3. d4 cxd4 4. Nxd4 Nf6 5. Nc3 a6 6. Bg5 e6 7. f4 Nbd7 8. Qf3 Qc7 9. O-O-O b5 10. a3 Bb7 11. g4 Be7 12. h4 h6 13. Bxf6 gxf6 14. Kb1 Nc5 15. f5 e5 16. Nb3 Rc8 17. Bd3 Kf8 18. g5 h5 19. g6 fxg6 20. fxg6 Kg7 21. Nd5 Bxd5 22. exd5 Nxd3 23. Qxd3 Qc4 24. Qf5 b4 25. Qe6 Rc7 26. Qf7+ Kh6 27. g7 Qxc2+ 28. Ka2 Rb8 29. g8=N+ Rxg8 30. Qxg8 bxa3 31. Qh8+ Kg6 32. Rhg1+ Kf5 33. Qh7+ 1-0


[Site "https://www.chess.com"]

[Event "Titled Tuesday Blitz February 14 Early 2023"]
[White "Rios Escobar, Adan"]
[Black "Thorsteinsdottir, Hallgerdur"]
[WhiteFideId "3403645"]
[BlackFideId "2302454"]
[WhiteElo "2234"]
[BlackElo "1978"]
[Result "1-0"]
[Round "10"]
[TimeControl "180+2"]
[Date "2023.02.14"]
[WhiteClock "0:01:17"]
[BlackClock "0:00:44"]

1. d4 Nf6 2. g3 g6 3. Bg2 d5 4. c4 Bg7 5. cxd5 Nxd5 6. Nf3 Nc6 7. O-O O-O 8. e4 Nb6 9. d5 Na5 10. Qe1 Nac4 11. Nc3 a5 12. b3 Ne5 13. Nxe5 Bxe5 14. Bb2 Bg7 15. a4 Nd7 16. Qe3 c5 17. Nd1 Qb6 18. Bxg7 Kxg7 19. Nb2 Ne5 20. f4 Ng4 21. Qc3+ Nf6 22. e5 c4+ 23. Kh1 Ng4 24. h3 Ne3 25. Nxc4 Nxc4 26. bxc4 Bf5 27. c5 Qa6 28. g4 Bd7 29. e6+ 1-0


[Site "https://www.chess.com"]

[Event "Titled Tuesday Blitz February 14 Early 2023"]
[White "Sabar, Ethmane Daouda"]
[Black "Jenkins, Drake"]
[WhiteFideId "19600097"]
[BlackFideId "2022397"]
[WhiteElo "2040"]
[BlackElo "2130"]
[Result "0-1"]
[Round "10"]
[TimeControl "180+2"]
[Date "2023.02.14"]
[WhiteClock "0:00:17"]
[BlackClock "0:00:55"]

1. e4 c5 2. a3 g6 3. b4 Bg7 4. Nc3 d6 5. Nf3 Nf6 6. bxc5 Nxe4 7. Bb2 Nxc3 8. Bxc3 Bxc3 9. dxc3 dxc5 10. Qxd8+ Kxd8 11. Bc4 e6 12. O-O-O+ Ke7 13. Rd2 Nd7 14. Rhd1 Nb6 15. Ba2 Bd7 16. Ne5 Rad8 17. a4 f6 18. a5 fxe5 19. axb6 axb6 20. c4 Bc6 21. f3 Rxd2 22. Rxd2 e4 23. fxe4 Bxe4 24. c3 Rf8 25. Kb2 Rf1 26. Bb3 Rg1 27. g3 Rg2 28. Kc1 Rxd2 29. Kxd2 Bc6 30. Ke3 e5 31. Bc2 Kf6 32. Bd3 h6 33. h3 g5 34. h4 Bd7 35. Kf3 Bf5 36. Be4 Bxe4+ 37. Kxe4 gxh4 38. gxh4 Ke6 39. h5 Kf6 40. Kd5 Kf5 41. Kd6 e4 42. Kc7 e3 43. Kxb6 e2 44. Kxc5 e1=Q 45. Kb6 Qxc3 46. c5 Kg5 47. Kxb7 Qxc5 0-1


[Site "https://www.chess.com"]

[Event "Titled Tuesday Blitz February 14 Early 2023"]
[White "Hrabinska, Myroslava"]
[Black "Hertlein, Irena"]
[WhiteFideId "14109190"]
[BlackFideId "21817618"]
[WhiteElo "2210"]
[BlackElo "1994"]
[Result "1-0"]
[Round "10"]
[TimeControl "180+2"]
[Date "2023.02.14"]
[WhiteClock "0:00:19"]
[BlackClock "0:00:08"]

1. e4 c5 2. b4 cxb4 3. a3 d5 4. exd5 Qxd5 5. Nf3 e5 6. c4 Qe4+ 7. Be2 Nf6 8. O-O Bd6 9. Re1 O-O 10. axb4 Nc6 11. b5 Nd4 12. Nxd4 exd4 13. Bf3 Qh4 14. g3 Qh3 15. Bg2 Qg4 16. Qxg4 Nxg4 17. Bb2 Be6 18. d3 Bb4 19. Re4 Rfe8 20. Bxd4 Bf5 21. Rxe8+ Rxe8 22. Nc3 Bxd3 23. Bxb7 Bxc4 24. Bc6 Re7 25. Rxa7 Re1+ 26. Kg2 h5 27. b6 Bf1+ 28. Kf3 Nxh2+ 29. Kf4 Bd6+ 30. Kg5 f6+ 31. Bxf6 gxf6+ 32. Kxf6 Be5+ 33. Kg6 Bd3+ 34. Be4 Bxe4+ 35. Nxe4 Rxe4 36. Ra8+ 1-0


[Site "https://www.chess.com"]

[Event "Titled Tuesday Blitz February 14 Early 2023"]
[White "EdmundPlayer"]
[Black "Broca Jimenez, Fernando"]
[BlackFideId "5104742"]
[WhiteElo "2246"]
[BlackElo "2075"]
[Result "0-1"]
[Round "10"]
[TimeControl "180+2"]
[Date "2023.02.14"]
[WhiteClock "0:00:01"]
[BlackClock "0:00:05"]

1. e4 c5 2. Nc3 g6 3. g3 Bg7 4. Bg2 e6 5. Nge2 Ne7 6. d3 O-O 7. Be3 b6 8. Qd2 Bb7 9. O-O d5 10. exd5 Nxd5 11. Nxd5 Bxd5 12. Bxd5 Qxd5 13. Nc3 Qd7 14. Bh6 Nc6 15. Bxg7 Kxg7 16. Rae1 Nd4 17. f4 Rad8 18. Ne4 Nf5 19. g4 Qd4+ 20. Kh1 Nd6 21. Nxd6 Qxd6 22. Qg2 Qd4 23. b3 Qd5 24. Rf3 Rfe8 25. Re4 Qc6 26. Qe2 f5 27. gxf5 exf5 28. Re5 Rxe5 29. fxe5 Re8 30. Kg1 Re6 31. Re3 Qd5 32. c3 h6 33. h3 a5 34. Kh2 g5 35. Qe1 Kg6 36. Qe2 b5 37. b4 cxb4 38. cxb4 axb4 39. Qb2 f4 40. Re4 Kf5 41. Rxb4 Rxe5 42. d4 g4 43. dxe5 g3+ 44. Kg1 Qd1+ 45. Kg2 Qd5+ 46. Kf1 Qh1+ 47. Ke2 g2 48. Qc2+ Kg5 49. Rxf4 Qxh3 0-1


[Site "https://www.chess.com"]

[Event "Titled Tuesday Blitz February 14 Early 2023"]
[White "Ciuffoletti, Paolo"]
[Black "Ricaurte Lopez, Juan Carlos"]
[WhiteFideId "807630"]
[BlackFideId "3600327"]
[WhiteElo "2106"]
[BlackElo "2226"]
[Result "1-0"]
[Round "10"]
[TimeControl "180+2"]
[Date "2023.02.14"]
[WhiteClock "0:00:05"]
[BlackClock "0:00:05"]

1. e4 e5 2. Bc4 Nf6 3. Nf3 Nc6 4. d4 exd4 5. Ng5 d5 6. exd5 Na5 7. Qe2+ Be7 8. d6 Qxd6 9. Bxf7+ Kf8 10. Bb3 Nxb3 11. axb3 Bf5 12. O-O d3 13. Qf3 dxc2 14. Qxf5 cxb1=Q 15. Rxb1 Qd5 16. Qh3 Bd6 17. Be3 Re8 18. Rbd1 Qe5 19. Rfe1 h6 20. Bd2 Qxh2+ 21. Qxh2 Bxh2+ 22. Kxh2 hxg5+ 23. Kg1 Rxe1+ 24. Bxe1 Ke7 25. Bb4+ Ke6 26. Re1+ Kd7 27. Re7+ Kc6 28. Rxg7 Nd5 29. Rg6+ Kd7 30. Bd2 Re8 31. Rxg5 Re2 32. Rxd5+ Kc6 33. Rd3 b5 34. Kf1 Re3 35. Bxe3 1-0


[Site "https://www.chess.com"]

[Event "Titled Tuesday Blitz February 14 Early 2023"]
[White "Caspi, Israel"]
[Black "Burdalev, Kirill"]
[WhiteFideId "2807394"]
[BlackFideId "14121913"]
[WhiteElo "2466"]
[BlackElo "2368"]
[Result "1-0"]
[Round "10"]
[TimeControl "180+2"]
[Date "2023.02.14"]
[WhiteClock "0:01:58"]
[BlackClock "0:00:12"]

1. e4 c5 2. Nf3 d6 3. d4 cxd4 4. Nxd4 Nf6 5. f3 g6 6. c4 Bg7 7. Nc3 O-O 8. Be3 Nc6 9. Qd2 Bd7 10. Be2 Nxd4 11. Bxd4 a5 12. h4 h5 13. O-O-O a4 14. Kb1 Qa5 15. Rdg1 Rfc8 16. g4 Be6 17. gxh5 Nxh5 18. Rg5 Qb4 19. Rxh5 gxh5 20. Rg1 Bg4 21. Bxg7 Kxg7 22. fxg4 Qc5 23. Rg2 Kh7 24. Nd5 Rg8 25. e5 f5 26. exf6 exf6 27. Nxf6+ Kg7 28. Nxg8 Rxg8 29. gxh5+ Kf8 30. Rxg8+ Kxg8 31. Qg5+ Kf8 32. Qxc5 dxc5 33. Bd1 a3 34. bxa3 Kg7 35. Kc2 Kh6 36. Kb3 1-0


[Site "https://www.chess.com"]

[Event "Titled Tuesday Blitz February 14 Early 2023"]
[White "Santos Flores, Alberto"]
[Black "Michalski, Olaf"]
[WhiteFideId "3601234"]
[BlackFideId "1106740"]
[WhiteElo "2164"]
[BlackElo "2273"]
[Result "1-0"]
[Round "10"]
[TimeControl "180+2"]
[Date "2023.02.14"]
[WhiteClock "0:01:13"]
[BlackClock "0:00:05"]

1. e4 c5 2. Nf3 a6 3. Nc3 b6 4. d4 cxd4 5. Nxd4 e6 6. Be3 Qc7 7. Qd2 Nf6 8. a3 Bc5 9. f3 O-O 10. O-O-O d5 11. exd5 Nxd5 12. Nxd5 exd5 13. Bd3 Nc6 14. Nxc6 Qxc6 15. Rhe1 Be6 16. h4 Rfc8 17. h5 d4 18. Bf4 Qa4 19. h6 g6 20. Qe2 Bxa3 21. Qe5 Bf8 22. Qf6 Qa1+ 23. Kd2 Qxb2 24. Rxe6 Re8 25. Be5 Qc3+ 26. Ke2 1-0


[Site "https://www.chess.com"]

[Event "Titled Tuesday Blitz February 14 Early 2023"]
[White "Yaniuk, Volodymyr"]
[Black "Mohammadian, Mohammad"]
[WhiteFideId "14133083"]
[BlackFideId "12566055"]
[WhiteElo "2223"]
[BlackElo "1398"]
[Result "1-0"]
[Round "10"]
[TimeControl "180+2"]
[Date "2023.02.14"]
[WhiteClock "0:01:17"]
[BlackClock "0:00:01"]

1. d4 Nf6 2. Bg5 g6 3. Bxf6 exf6 4. Nc3 Bb4 5. Qd2 Bxc3 6. Qxc3 d5 7. h4 Be6 8. h5 g5 9. e3 h6 10. Qb3 Qc8 11. c4 dxc4 12. Bxc4 Bxc4 13. Qxc4 c6 14. Ne2 Nd7 15. Ng3 Nb6 16. Qc2 Qe6 17. b3 O-O-O 18. O-O Nd5 19. Rfc1 Kb8 20. Nf5 Ne7 21. Nxe7 Qxe7 22. Qc5 Qxc5 23. Rxc5 Rd7 24. Rac1 Rhd8 25. Rf5 Rd6 26. Kf1 a6 27. Ke2 Re8 28. Kd3 Ree6 29. g3 Re7 30. f4 gxf4 31. gxf4 Rd5 32. Rxd5 cxd5 33. Rg1 f5 34. Rg7 Kc7 35. Rh7 Kd6 36. Rxh6+ f6 37. Rg6 Rf7 38. h6 Ke6 39. Rg8 Rh7 40. Rb8 Kd6 41. Rd8+ Kc7 42. Rxd5 Rxh6 43. Rxf5 Kc8 44. Rc5+ Kd7 45. Rc2 b6 46. Ke4 Kd6 47. Rg2 a5 48. Rg8 Rh2 49. Rd8+ Kc7 50. Rf8 Rxa2 51. Rxf6 Rb2 52. Re6 Rxb3 53. f5 Rb1 54. f6 Rf1 55. Ke5 a4 56. Re7+ Kb8 57. Rh7 a3 58. Rh2 b5 59. d5 b4 60. d6 b3 61. d7 Kc7 62. Ke6 1-0


[Site "https://www.chess.com"]

[Event "Titled Tuesday Blitz February 14 Early 2023"]
[White "Floresvillar Gonzalez, Luis Migu"]
[Black "Vargas, Mauricio"]
[WhiteFideId "5100542"]
[BlackFideId "4404572"]
[WhiteElo "2043"]
[BlackElo "2035"]
[Result "1-0"]
[Round "10"]
[TimeControl "180+2"]
[Date "2023.02.14"]
[WhiteClock "0:00:55"]
[BlackClock "0:00:01"]

1. d4 d5 2. Nf3 Nf6 3. Bf4 Bg4 4. Nbd2 e6 5. h3 Bf5 6. e3 Rg8 7. Bd3 h6 8. Bxf5 exf5 9. Qe2 Ne4 10. Ne5 c6 11. c3 g5 12. Bh2 Bd6 13. f3 Nxd2 14. Qxd2 g4 15. hxg4 fxg4 16. Bf4 f6 17. Nd3 Bxf4 18. Nxf4 gxf3 19. gxf3 Nd7 20. O-O-O Rh8 21. Ne6 Qa5 22. Kb1 Nb6 23. Nc7+ Kd7 24. Nxa8 Rxa8 25. b3 Rh8 26. Rh2 Qb5 27. Qd3 Nc4 28. Ka1 Na3 29. Qxb5 Nxb5 30. Kb2 Nd6 31. Rh5 Ke6 32. Rdh1 Nf7 33. e4 dxe4 34. fxe4 b6 35. Kc2 Kd6 36. Kd3 Ke6 37. a4 Kd6 38. b4 Ke6 39. c4 Kd6 40. c5+ bxc5 41. bxc5+ Ke6 42. Kc4 Kd7 43. Rg1 Ke6 44. Rg7 Ng5 45. e5 fxe5 46. Rgxg5 exd4 47. Re5+ 1-0


[Site "https://www.chess.com"]

[Event "Titled Tuesday Blitz February 14 Early 2023"]
[White "Lee, Addison"]
[Black "Kukula, Pawel"]
[WhiteFideId "30924570"]
[BlackFideId "1115081"]
[WhiteElo "2079"]
[BlackElo "2135"]
[Result "0-1"]
[Round "10"]
[TimeControl "180+2"]
[Date "2023.02.14"]
[WhiteClock "0:00:05"]
[BlackClock "0:00:30"]

1. Nf3 d5 2. d4 c6 3. Bf4 Nf6 4. e3 Qb6 5. Qc1 Bf5 6. Nbd2 Nbd7 7. Be2 e6 8. O-O h6 9. h3 Rc8 10. c3 c5 11. Nb3 c4 12. Nbd2 Be7 13. Re1 O-O 14. Bd1 Qd8 15. Bc2 b5 16. Bxf5 exf5 17. Nh4 g5 18. Nxf5 gxf4 19. exf4 Re8 20. Nf3 Bf8 21. Ne5 Nxe5 22. fxe5 Nh7 23. a4 b4 24. Qf4 Qg5 25. Qf3 a5 26. h4 Qg6 27. g4 bxc3 28. bxc3 Rb8 29. Rab1 Rb3 30. Kh2 Reb8 31. Rbc1 Kh8 32. Re3 Ba3 33. Rce1 Nf8 34. Qxd5 Ne6 35. Rg1 Rb2 36. Rf3 Bf8 37. g5 h5 38. Qxc4 Ng7 39. Nxg7 Bxg7 40. Rxf7 Qe4 41. Rxg7 Qxh4+ 42. Kg2 Rxf2# 0-1


[Site "https://www.chess.com"]

[Event "Titled Tuesday Blitz February 14 Early 2023"]
[White "Ter-Sahakyan, Samvel"]
[Black "Le, Tuan Minh"]
[WhiteFideId "13302531"]
[BlackFideId "12401153"]
[WhiteElo "2617"]
[BlackElo "2542"]
[Result "1/2-1/2"]
[Round "11"]
[TimeControl "180+2"]
[Date "2023.02.14"]
[WhiteClock "0:00:15"]
[BlackClock "0:00:17"]

1. d4 d5 2. c4 c6 3. Nf3 Nf6 4. e3 Bf5 5. Nc3 e6 6. Nh4 Be4 7. f3 Bg6 8. Bd2 Be7 9. Nxg6 hxg6 10. Qc2 a6 11. O-O-O dxc4 12. Bxc4 b5 13. Be2 c5 14. dxc5 Bxc5 15. Kb1 Qb6 16. Ne4 Nxe4 17. Qxe4 Ra7 18. h4 Nd7 19. Rc1 Nf6 20. Qc2 Rc7 21. Qb3 O-O 22. e4 Rfc8 23. g4 Bd4 24. Rxc7 Rxc7 25. h5 gxh5 26. gxh5 Nh7 27. f4 Qb7 28. Bf3 Rd7 29. h6 gxh6 30. e5 Qc8 31. Be4 Qf8 32. Qh3 f5 33. exf6 Qxf6 34. Qf3 Bxb2 35. Rg1+ Kh8 36. Qg4 Rg7 37. Qd1 Ba1 38. Bc1 Rxg1 39. Qxg1 Bd4 40. Qg3 Nf8 41. Qh3 Kg7 42. f5 exf5 43. Bxf5 Be5 44. Qg4+ Kf7 45. Qh5+ Ke7 46. Bxh6 Qd6 47. Bg5+ Bf6 48. Qe2+ Kd8 49. Qd2 Qxd2 50. Bxd2 Ke7 51. Bb4+ Kf7 52. Bxf8 Kxf8 53. Bc8 a5 54. Bd7 b4 55. Ba4 Ke7 56. Kc2 Kd6 57. Kb3 Kc5 58. a3 bxa3 59. Kxa3 Kc4 60. Ka2 Kb4 61. Bd7 Be5 62. Be8 Bd6 63. Bd7 Bc7 64. Be8 Bd8 65. Bd7 Kc5 66. Be8 Kd6 67. Ba4 Kc5 68. Bb3 Kd6 69. Ba4 Ke6 70. Bb3+ Ke5 71. Ba4 Kd4 72. Bb3 Kc5 73. Bc2 Kb4 74. Bd1 Kc3 75. Bb3 Kd4 76. Ba4 Kc3 77. Bb3 a4 78. Bxa4 1/2-1/2


[Site "https://www.chess.com"]

[Event "Titled Tuesday Blitz February 14 Early 2023"]
[White "Andreikin, Dmitry"]
[Black "Chigaev, Maksim"]
[WhiteFideId "4158814"]
[BlackFideId "4108116"]
[WhiteElo "2729"]
[BlackElo "2628"]
[Result "1-0"]
[Round "11"]
[TimeControl "180+2"]
[Date "2023.02.14"]
[WhiteClock "0:00:19"]
[BlackClock "0:00:03"]

1. Nf3 Nf6 2. c4 g6 3. b4 Bg7 4. Bb2 O-O 5. e3 d6 6. Be2 a5 7. b5 e5 8. O-O Re8 9. Nc3 Nbd7 10. d3 Nc5 11. Nd2 Bf5 12. Qc2 a4 13. Ba3 e4 14. d4 Ne6 15. Qd1 h5 16. Nxa4 h4 17. Bb2 h3 18. g3 Ng5 19. Nc3 Qd7 20. Nd5 Nxd5 21. cxd5 c6 22. g4 cxd5 23. gxf5 Qxf5 24. Bg4 Qf6 25. a4 Nh7 26. Bxh3 Qh4 27. Qg4 Qh6 28. Bg2 f5 29. Qf4 Qh5 30. Qxd6 Rad8 31. Qg3 Bf6 32. Rac1 Bh4 33. Qc7 Ng5 34. Kh1 Ne6 35. Qxb7 Re7 36. Qb6 Rde8 37. Rc6 Bg5 38. Ba3 Rh7 39. h3 Nf8 40. Bxf8 Rxf8 41. Rxg6+ Kh8 42. Qd6 Rd8 43. Qe5+ 1-0


[Site "https://www.chess.com"]